MID
WISCONSIN TIMBER RATTLERS @ GREAT LAKES LOONS
07/24/2044
 
TOP OF THE 1ST
Wisconsin Timber Rattlers batting - Pitching for Great Lakes Loons : RHP Jeremy Stock
Pitching: RHP Jeremy Stock
Batting: RHB Bryant Thies 0-0: Ground out 5-3 (Groundball, 5, EV 85.0 MPH)
Batting: LHB Joe Vida 0-0: Called Strike
0-1: Swinging Strike
0-2: Strikes out swinging
Batting: RHB Matthew Adams 0-0: Ground out 5-3 (Groundball, 56S, EV 67.5 MPH)
Top of the 1st over - 0 runs, 0 hits, 0 errors, 0 left on base; Wisconsin 0 - Great Lakes 0
BOTTOM OF THE 1ST
Great Lakes Loons batting - Pitching for Wisconsin Timber Rattlers : RHP Zachery Waff
Pitching: RHP Zachery Waff
Batting: RHB Ken Jenkins 0-0: Ball
1-0: Called Strike
1-1: Foul Ball, location: 2F
1-2: Strikes out swinging
Batting: RHB Alex Mejia 0-0: Fly out, F9 (Flyball, 9LS, EV 91.9 MPH)
Batting: RHB John Piccolo 0-0: Ball
1-0: Ball
2-0: Swinging Strike
2-1: Called Strike
2-2: Strikes out swinging
Bottom of the 1st over - 0 runs, 0 hits, 0 errors, 0 left on base; Wisconsin 0 - Great Lakes 0
TOP OF THE 2ND
Wisconsin Timber Rattlers batting - Pitching for Great Lakes Loons : RHP Jeremy Stock
Batting: LHB Alan Bianchard 0-0: Ball
1-0: Ball
2-0: Ground out U3 (Groundball, 3, EV 86.2 MPH)
Batting: RHB Gene Sutton 0-0: Called Strike
0-1: Swinging Strike
0-2: Ball
1-2: Foul Ball, location: 2F
1-2: Ball
2-2: Ball
3-2: Strikes out swinging
Batting: LHB Andy Sanchez 0-0: Ball
1-0: Ball
2-0: Ball
3-0: Base on Balls
Batting: RHB Aaron Lind 0-0: Ball
1-0: Ball
2-0: Ball
3-0: Base on Balls
Andy Sanchez to second
Batting: RHB Matt Saunders 0-0: Ball
1-0: Ball
2-0: Called Strike
2-1: Foul Ball, location: 2F
2-2: Strikes out swinging
Top of the 2nd over - 0 runs, 0 hits, 0 errors, 2 left on base; Wisconsin 0 - Great Lakes 0
BOTTOM OF THE 2ND
Great Lakes Loons batting - Pitching for Wisconsin Timber Rattlers : RHP Zachery Waff
Batting: LHB Antonio Luis 0-0: Swinging Strike
0-1: Ball
1-1: Called Strike
1-2: Strikes out swinging
Batting: LHB Jim Chalk 0-0: Hit by Pitch
Batting: LHB Chris Barrera 0-0: Ball
Wild Pitch!
Jim Chalk to second
1-0: Foul Ball, location: 2F
1-1: Swinging Strike
1-2: Ball
2-2: Strikes out swinging
Batting: RHB Phil Knox 0-0: Ball
1-0: Called Strike
1-1: 2-RUN HOME RUN (Line Drive, 9D, EV 96.9 MPH), Distance : 383 ft
Batting: RHB Josh Kimbrell 0-0: Ball
1-0: Ground out 6-3 (Groundball, 6, EV 84.4 MPH)
Bottom of the 2nd over - 2 runs, 1 hit, 0 errors, 0 left on base; Wisconsin 0 - Great Lakes 2
TOP OF THE 3RD
Wisconsin Timber Rattlers batting - Pitching for Great Lakes Loons : RHP Jeremy Stock
Batting: RHB Raymond Young 0-0: Ball
1-0: Ball
2-0: Ball
3-0: Called Strike
3-1: Foul Ball, location: 2F
3-2: Strikes out swinging
Batting: RHB Bryant Thies 0-0: Swinging Strike
0-1: Called Strike
0-2: Ball
1-2: Foul Ball, location: 2F
1-2: Ground out 5-3 (Groundball, 5S, EV 71.9 MPH)
Batting: LHB Joe Vida 0-0: Called Strike
0-1: Foul Ball, location: 2F
0-2: Foul Ball, location: 2F
0-2: Ball
1-2: Foul Ball, location: 2F
1-2: Ball
2-2: Ball
3-2: Base on Balls
Batting: RHB Matthew Adams 0-0: Ball
1-0: SINGLE (Line Drive, 9S, EV 96.2 MPH)
Joe Vida to second
Batting: LHB Alan Bianchard 0-0: Called Strike
0-1: Ball
1-1: DOUBLE (Line Drive, 78D, EV 107.5 MPH)
Joe Vida scores
Matthew Adams to third
Runner from 3rd tries for Home, SAFE, no throw by LF
Batting: RHB Gene Sutton 0-0: Ball
1-0: Called Strike
1-1: Ball
Wild Pitch!
Alan Bianchard to third
2-1: Ball
3-1: Base on Balls
Batting: LHB Andy Sanchez 0-0: 3-RUN HOME RUN (Flyball, 89XD, EV 107.5 MPH), Distance : 413 ft
Batting: RHB Aaron Lind 0-0: Ball
1-0: Foul Ball, location: 2F
1-1: Foul Ball, location: 2F
1-2: Ball
2-2: Foul Ball, location: 2F
2-2: Foul Ball, location: 2F
2-2: Ground out 5-3 (Groundball, 56S, EV 91.2 MPH)
Top of the 3rd over - 5 runs, 3 hits, 0 errors, 0 left on base; Wisconsin 5 - Great Lakes 2
BOTTOM OF THE 3RD
Great Lakes Loons batting - Pitching for Wisconsin Timber Rattlers : RHP Zachery Waff
Batting: RHB Santos Guadalupe 0-0: Ball
1-0: Ball
2-0: Foul Ball, location: 2F
2-1: Ground out 6-3 (Groundball, 6, EV 83.8 MPH)
Batting: RHB Ken Jenkins 0-0: SINGLE (Line Drive, 6MD, EV 107.5 MPH)
Batting: RHB Alex Mejia 0-0: Called Strike
Ken Jenkins steals 2nd base
0-1: Ball
1-1: Ball
Ken Jenkins steals 3rd base
2-1: Foul Ball, location: 2F
2-2: Ball
3-2: Ground out 4-3 (Groundball, 4M, EV 83.8 MPH)
Ken Jenkins scores
Batting: RHB John Piccolo 0-0: Foul Ball, location: 2F
0-1: Swinging Strike
0-2: Strikes out swinging
Bottom of the 3rd over - 1 run, 1 hit, 0 errors, 0 left on base; Wisconsin 5 - Great Lakes 3
TOP OF THE 4TH
Wisconsin Timber Rattlers batting - Pitching for Great Lakes Loons : RHP Jeremy Stock
Batting: RHB Matt Saunders 0-0: Bunt missed!
0-1: Called Strike
0-2: Ball
1-2: Ball
2-2: Foul Ball, location: 2F
2-2: Ball
3-2: Ground out 3-1 (Groundball, 34S, EV 68.8 MPH)
Batting: RHB Raymond Young 0-0: Ball
1-0: Ground out 4-3 (Groundball, 4, EV 101.9 MPH)
Batting: RHB Bryant Thies 0-0: Called Strike
0-1: Ball
1-1: Ball
2-1: Foul Ball, location: 2F
2-2: Ground out 5-3 (Groundball, 56S, EV 74.4 MPH)
Top of the 4th over - 0 runs, 0 hits, 0 errors, 0 left on base; Wisconsin 5 - Great Lakes 3
BOTTOM OF THE 4TH
Great Lakes Loons batting - Pitching for Wisconsin Timber Rattlers : RHP Zachery Waff
Batting: LHB Antonio Luis 0-0: SOLO HOME RUN (Line Drive, 78XD, EV 102.5 MPH), Distance : 408 ft
Batting: LHB Jim Chalk 0-0: Called Strike
0-1: Ball
1-1: Called Strike
1-2: Ball
2-2: Ball
3-2: Foul Ball, location: 2F
3-2: Base on Balls
Batting: LHB Chris Barrera 0-0: Swinging Strike
0-1: Foul Ball, location: 2F
0-2: Strikes out swinging
Batting: RHB Phil Knox 0-0: Swinging Strike
0-1: SINGLE (Line Drive, 4D, EV 99.4 MPH)
Jim Chalk to second
Batting: RHB Josh Kimbrell 0-0: Ball
1-0: Ball
2-0: Swinging Strike
2-1: Foul Ball, location: 2F
2-2: Strikes out swinging
Batting: RHB Santos Guadalupe 0-0: Called Strike
0-1: Ball
1-1: Ball
2-1: Foul Ball, location: 2F
2-2: Ball
3-2: Strikes out swinging
Bottom of the 4th over - 1 run, 2 hits, 0 errors, 2 left on base; Wisconsin 5 - Great Lakes 4
TOP OF THE 5TH
Wisconsin Timber Rattlers batting - Pitching for Great Lakes Loons : RHP Jeremy Stock
Batting: LHB Joe Vida 0-0: Ball
1-0: Ball
2-0: Ball
3-0: Called Strike
3-1: Called Strike
3-2: Foul Ball, location: 2F
3-2: Strikes out looking
Batting: RHB Matthew Adams 0-0: Ball
1-0: Ball
2-0: Foul Ball, location: 2F
2-1: Ball
3-1: Base on Balls
Batting: LHB Alan Bianchard 0-0: Ball
1-0: Ball
2-0: Called Strike
2-1: Foul Ball, location: 2F
2-2: Ball
3-2: Base on Balls
Matthew Adams to second
Batting: RHB Gene Sutton 0-0: Ball
1-0: DOUBLE (Line Drive, 9LM, EV 99.4 MPH)
Matthew Adams scores
Alan Bianchard to third
Batting: LHB Andy Sanchez 0-0: Intentional Walk
Batting: RHB Aaron Lind 0-0: Called Strike
0-1: Fly out, F9 (Flyball, 89D, EV 95.0 MPH)
Runner from 3rd tags up, SCORES, no throw by RF
Pitching: RHP Mark McDonald
Batting: RHB Matt Saunders 0-0: Called Strike
0-1: Foul Ball, location: 2F
0-2: Strikes out swinging
Top of the 5th over - 2 runs, 1 hit, 0 errors, 2 left on base; Wisconsin 7 - Great Lakes 4
BOTTOM OF THE 5TH
Great Lakes Loons batting - Pitching for Wisconsin Timber Rattlers : RHP Zachery Waff
Batting: RHB Ken Jenkins 0-0: Ball
1-0: Ball
2-0: Ball
3-0: Base on Balls
Batting: RHB Alex Mejia 0-0: Ball
Ken Jenkins is caught stealing 2nd base 2-4
1-0: Ball
2-0: Ball
3-0: Base on Balls
Batting: RHB John Piccolo 0-0: Ball
1-0: Called Strike
1-1: Ball
Alex Mejia is caught stealing 2nd base 2-4
2-1: Called Strike
2-2: Ball
3-2: Strikes out looking
Bottom of the 5th over - 0 runs, 0 hits, 0 errors, 0 left on base; Wisconsin 7 - Great Lakes 4
TOP OF THE 6TH
Wisconsin Timber Rattlers batting - Pitching for Great Lakes Loons : RHP Mark McDonald
Batting: RHB Raymond Young 0-0: Swinging Strike
0-1: Foul Ball, location: 2F
0-2: Ball
1-2: Strikes out swinging
Batting: RHB Bryant Thies 0-0: Swinging Strike
0-1: Called Strike
0-2: Ball
1-2: Strikes out swinging
Batting: LHB Joe Vida 0-0: Called Strike
0-1: Foul Ball, location: 2F
0-2: Strikes out looking
Top of the 6th over - 0 runs, 0 hits, 0 errors, 0 left on base; Wisconsin 7 - Great Lakes 4
BOTTOM OF THE 6TH
Great Lakes Loons batting - Pitching for Wisconsin Timber Rattlers : RHP Zachery Waff
Batting: LHB Antonio Luis 0-0: Foul Ball, location: 2F
0-1: Called Strike
0-2: Ground out 3-1 (Groundball, 34, EV 103.1 MPH)
Pitching: RHP Brian Harper
Batting: LHB Jim Chalk 0-0: Ball
1-0: Ball
2-0: Ball
3-0: Called Strike
3-1: DOUBLE (Line Drive, 78D, EV 105.6 MPH)
Batting: LHB Chris Barrera 0-0: Foul Ball, location: 2F
0-1: Foul Ball, location: 2F
0-2: Ball
1-2: Fly out, F8 (Flyball, 89M, EV 86.2 MPH)
Batting: RHB Phil Knox 0-0: Ball
1-0: Reached on error, E5 (Groundball, 5S, EV 73.8 MPH)
Jim Chalk scores
Batting: RHB Josh Kimbrell 0-0: Ground out 5-3 (Groundball, 56S, EV 78.1 MPH)
Bottom of the 6th over - 1 run, 1 hit, 1 error, 1 left on base; Wisconsin 7 - Great Lakes 5
TOP OF THE 7TH
Wisconsin Timber Rattlers batting - Pitching for Great Lakes Loons : RHP Mark McDonald
Pitching: RHP Angel Rivas
Batting: RHB Matthew Adams 0-0: Foul Ball, location: 2F
0-1: Called Strike
0-2: Strikes out looking
Batting: LHB Alan Bianchard 0-0: Ball
1-0: Foul Ball, location: 2F
1-1: Foul Ball, location: 2F
1-2: Foul Ball, location: 2F
1-2: Fly out, F4 (Popup, 4D, EV 57.5 MPH)
Batting: RHB Gene Sutton 0-0: Ball
1-0: Foul Ball, location: 2F
1-1: Fly out, F9 (Flyball, 9LS, EV 96.9 MPH)
Top of the 7th over - 0 runs, 0 hits, 0 errors, 0 left on base; Wisconsin 7 - Great Lakes 5
BOTTOM OF THE 7TH
Great Lakes Loons batting - Pitching for Wisconsin Timber Rattlers : RHP Brian Harper
Pitching: RHP Joe Shaw
Now at 1B: Matthew Adams
Now at 2B: Aaron Mobley
Now in RF: Bryant Thies
Batting: RHB Santos Guadalupe 0-0: Foul Ball, location: 2F
0-1: Ball
1-1: Ball
2-1: Ball
3-1: Called Strike
3-2: Foul Ball, location: 2F
3-2: Reached via error on a dropped throw from 1B, E1 (Groundball, 34, EV 80.0 MPH)
Batting: RHB Ken Jenkins 0-0: Called Strike
0-1: Ball
1-1: Ball
2-1: Swinging Strike
2-2: Strikes out looking
Batting: RHB Alex Mejia 0-0: Grounds into double play, 5-4-3 (Groundball, 56, EV 103.8 MPH)
Bottom of the 7th over - 0 runs, 0 hits, 1 error, 0 left on base; Wisconsin 7 - Great Lakes 5
TOP OF THE 8TH
Wisconsin Timber Rattlers batting - Pitching for Great Lakes Loons : RHP Angel Rivas
Batting: LHB Andy Sanchez 0-0: Called Strike
0-1: Ball
1-1: Swinging Strike
1-2: Foul Ball, location: 2F
1-2: Ball
2-2: Ground out 5-3 (Groundball, 6, EV 77.5 MPH)
Batting: RHB Aaron Lind 0-0: Called Strike
0-1: Ball
1-1: Swinging Strike
1-2: Foul Ball, location: 2F
1-2: Foul Ball, location: 2F
1-2: Strikes out swinging
Batting: RHB Matt Saunders 0-0: Ball
1-0: Fly out, F9 (Flyball, 9, EV 85.0 MPH)
Top of the 8th over - 0 runs, 0 hits, 0 errors, 0 left on base; Wisconsin 7 - Great Lakes 5
BOTTOM OF THE 8TH
Great Lakes Loons batting - Pitching for Wisconsin Timber Rattlers : RHP Joe Shaw
Pitching: LHP Dustin Waller
Batting: RHB John Piccolo 0-0: Swinging Strike
0-1: Ball
1-1: Ball
2-1: Called Strike
2-2: Strikes out looking
Pinch Hitting: RHB Jayden Copeland 0-0: Called Strike
0-1: Ball
1-1: Foul Ball, location: 2F
1-2: Ground out 6-3 (Groundball, 6, EV 85.6 MPH)
Batting: LHB Jim Chalk 0-0: Ground out 5-3 (Groundball, 56, EV 86.9 MPH)
Bottom of the 8th over - 0 runs, 0 hits, 0 errors, 0 left on base; Wisconsin 7 - Great Lakes 5
TOP OF THE 9TH
Wisconsin Timber Rattlers batting - Pitching for Great Lakes Loons : RHP Angel Rivas
Pitching: RHP Bobby Primaticcio
Now at 1B: Jayden Copeland
Now at 3B: John Piccolo
Batting: RHB Raymond Young 0-0: Called Strike
0-1: Ball
1-1: Foul Ball, location: 2F
1-2: Strikes out swinging
Batting: RHB Bryant Thies 0-0: Called Strike
0-1: Foul Ball, location: 2F
0-2: Ball
1-2: Ball
2-2: Foul Ball, location: 2F
2-2: Ground out 1-3 (Groundball, 13S, EV 76.9 MPH)
Batting: LHB Joe Vida 0-0: Foul Ball, location: 2F
0-1: Ball
1-1: Swinging Strike
1-2: Foul Ball, location: 2F
1-2: Strikes out swinging
Top of the 9th over - 0 runs, 0 hits, 0 errors, 0 left on base; Wisconsin 7 - Great Lakes 5
BOTTOM OF THE 9TH
Great Lakes Loons batting - Pitching for Wisconsin Timber Rattlers : LHP Dustin Waller
Pitching: RHP Dan Patino
Batting: LHB Chris Barrera 0-0: Foul Ball, location: 2F
0-1: Ball
1-1: SINGLE (Groundball, 3D, EV 110.0 MPH)
Pinch Hitting: LHB Alberto Chavez 0-0: Fly out, F3 (Popup, 34S, EV 80.6 MPH)
Batting: RHB Josh Kimbrell 0-0: Ball
1-0: Swinging Strike
1-1: Called Strike
1-2: Grounds into double play, 6-4-3 (Groundball, 6, EV 90.0 MPH)
Bottom of the 9th over - 0 runs, 1 hit, 0 errors, 0 left on base; Wisconsin 7 - Great Lakes 5
Thursday, March 31st , 2022 - OOTP Baseball 22.12 Build 89